 Dungeon Crawl Stone Soup version 0.29.1-12-g30fa7ad0bf (webtiles) character file.

Game seed: 6146985296392245931

27 sneakypete the Chopper (level 2, -1/25 HPs)
             Began as a Minotaur Gladiator on Jan 11, 2023.
             Was a Follower of Qazlal.
             Slain by a gnoll
             ... wielding a +0 spear
              (7 damage)
             ... on level 2 of the Dungeon.
             The game lasted 00:08:53 (894 turns).

sneakypete the Chopper (Minotaur Gladiator)          Turns: 894, Time: 00:08:54

Health: -1/25      AC:  6    Str: 18    XL:     2   Next: 93%
Magic:  1/1        EV: 10    Int:  5    God:    Qazlal [*.....]
Gold:   33         SH:  1    Dex: 11    Spells: 1/1 levels left

rFire   . . .      SeeInvis .   a - +0 war axe
rCold   . . .      Faith    +   (no shield)
rNeg    . . .      Spirit   .   j - +0 scale mail
rPois   .          Reflect  .   c - +0 hat
rElec   .          Harm     .   (no cloak)
rCorr   .          Rampage  .   (no gloves)
Will    .....                   (no boots)
Stlth   ..........              q - amulet of faith
HPRegen 0.08/turn               (no ring)
MPRegen 0.07/turn               (no ring)

@: lethally poisoned (-1 -> -4)
A: horns 2, retaliatory headbutt
a: Renounce Religion


You were on level 2 of the Dungeon.
You worshipped Qazlal.
Qazlal was aware of your devotion.
You visited 1 branch of the dungeon, and saw 2 of its levels.

You collected 33 gold pieces.

Inventory:

Hand Weapons
 a - a +0 war axe (weapon)
Missiles
 d - 3 throwing nets (quivered)
 e - a javelin
Armour
 b - a +0 leather armour
 c - a +0 hat (worn)
 j - a +0 scale mail (worn)
Jewellery
 q - an amulet of faith (around neck)
Scrolls
 f - a scroll of teleportation {unknown}
 g - a scroll of enchant armour {unknown}
 k - a scroll of blinking {unknown}
 m - a scroll of brand weapon {unknown}
 n - a scroll of magic mapping {unknown}
 o - a scroll of vulnerability {unknown}
 r - a scroll of poison {unknown}
 u - a scroll of noise {unknown}
Potions
 h - a potion of berserk rage {unknown}
 i - a potion of magic {unknown}
 l - a potion of attraction {unknown}
 p - a potion of degeneration {unknown}
 s - a potion of resistance {unknown}
 t - a potion of flight {unknown}


   Skills:
 + Level 2.4 Fighting
 + Level 4.1 Axes
 + Level 2.0 Throwing
 + Level 0.9 Armour
 + Level 4.0 Dodging


You had one spell level left.
You didn't know any spells.
Your spell library contained the following spells:

 Spells                   Type           Power      Damage    Failure   Level
 Blink                    Tloc           0%         N/A       95%         2
 Manifold Assault         Tloc           0%         N/A       100%        5
 Storm Form               Tmut/Air       0%         N/A       100%        7


Dungeon Overview and Level Annotations

Branches:
Dungeon (2/15)

Altars:
Qazlal


Innate Abilities, Weirdness & Mutations

You have a pair of horns on your head.
You reflexively headbutt those who attack you in melee.


Message History

An adder comes into view.
u - a scroll labelled LULIAD SELYO The adder hisses angrily.
A gnoll comes into view. It is wielding a +0 whip.
A gnoll comes into view. It is wielding a +0 spear.
The gnoll shouts! x2; You hear a shout!
You closely miss the adder. The adder barely misses you.
The gnoll hits you from afar with a +0 spear.
The adder bites you.
You miss the adder. Your headbutt misses the adder.
The gnoll hits you from afar with a +0 spear.
The adder bites you. You block the gnoll's attack.
The adder bites you but does no damage.
You closely miss the adder. Your headbutt misses the adder.
You hit the gnoll but do no damage. The adder bites you but does no damage.
The gnoll closely misses you. The gnoll barely misses you.
You closely miss the adder. You slash the gnoll! The adder barely misses you.
You furiously retaliate!
You headbutt the adder.
The gnoll hits you but does no damage. x2
The adder bites you but does no damage.
You barely miss the adder.
The adder is moderately wounded.
You slash the gnoll!
You kill the gnoll!
Qazlal accepts your kill. The adder completely misses you.
You furiously retaliate!
You headbutt the adder. The gnoll hits you but does no damage.
The adder bites you.
You are poisoned.
The adder poisons you! The gnoll closely misses you.
Your Dodging skill increases to level 4!
You closely miss the adder. Your headbutt misses the adder.
The adder is severely wounded.
You feel sick. The adder bites you but does no damage.
The gnoll hits you from afar with a +0 spear.
You barely miss the adder.
The adder is severely wounded.
You feel sick. The adder bites you but does no damage.
The gnoll hits you from afar with a +0 spear!
You die...

..........
##........#.
#...........
#...........
#..........#
#.....g....#
#....).....#
#####...@S....#
#...#........##
#########...#.......##
<......†...........##
#########...##.....##
#...#.......#
#####.......#
#.......# ##.....##


You could see a gnoll and an adder.

Vanquished Creatures
  A gnoll (D:2)
  2 bats
  An endoplasm (D:1)
  3 goblins (D:1)
  A hobgoblin (D:2)
  3 kobolds (D:1)
  A quokka (D:1)
  2 ball pythons (D:1)
  A frilled lizard (D:1)
15 creatures vanquished.

Notes
Turn   | Place    | Note
-------+----------+-------------------------------------------
     0 | D:1      | sneakypete the Minotaur Gladiator began the quest for the
                  | Orb.
     0 | D:1      | Reached XP level 1. HP: 18/18 MP: 0/0
   436 | D:1      | Reached XP level 2. HP: 20/25 MP: 1/1
   604 | D:1      | Found a faded altar of an unknown god.
   619 | D:1      | Prayed at the altar of an unknown god.
   619 | D:1      | Became a worshipper of Qazlal Stormbringer
   619 | D:1      | Reached * piety under Qazlal
   894 | D:2      | Slain by a gnoll

Illustrated notes

Levels and vault maps discovered:
D:1:      matt_arrival_grand_opening, layout_loops_ring,
          shapermc_ecumenical_altar_pompeii
D:2:      layout_rooms, minmay_tree_intersection

Skill      XL: |  1  2 |
---------------+-------+-----
Axes           | 4 |  4.1
Dodging        | 4 |  4.0
Fighting       | |  2.4
Throwing       | |  2.0
Armour         | |  0.9

Action                   || total
-------------------------++-------
Melee: War axe           ||    38
       Headbutt          ||     4
 Stab: Sleeping          ||     1
Armor: Scale mail        ||    19
Dodge: Dodged            ||    25
Block: Other             ||     2
